 Dungeon Crawl Stone Soup version 0.31.0-12-g77e489cdc1 (webtiles) character file.

Game seed: 1480988593029801014

10810 PriceMaster the Zephyrmancer (level 11, -2/87 HPs)
             Began as a Tengu Air Elementalist on Feb 12, 2024.
             Succumbed to Erica's bolt of poison
             ... on level 10 of the Dungeon on Feb 14, 2024.
             The game lasted 00:25:26 (14595 turns).

PriceMaster the Zephyrmancer (TeAE)                Turns: 14595, Time: 00:25:27

Health: -2/87      AC: 25    Str:  9    XL:     11   Next: 67%
Magic:  14/26      EV:  2    Int: 20    God:
Gold:   621        SH:  0    Dex: 18    Spells: 8/30 levels left

rFire   . . .        A - +4 long sword of Vanity {flame, Dex+4}
rCold   . . .        q - orb {mayhem}
rNeg    . . .        E - melded +0 steam dragon scales
rPois   +            (helmet currently unavailable)
rElec   .            i - melded +1 cloak
rCorr   .            (gloves currently unavailable)
SInv    .            (boots unavailable)
Will    +....        (no amulet)
Stlth   +++          d - +5 ring of evasion
HPRegen 0.34/turn    z - ring of willpower
MPRegen 0.20/turn

%: mayhem, acrobat
@: lethally poisoned (-2 -> -26), tree-form
A: stationary, stasis, torment immunity, boosted hp, (beak), (talons 3), evasive
flight, acrobatic
a: no special abilities


You were on level 10 of the Dungeon.
You were a tree.
You visited 1 branch of the dungeon, and saw 10 of its levels.

You collected 621 gold pieces.

Inventory:

Hand Weapons
 A - the +4 long sword of Vanity (weapon) {flame, Dex+4}
   (You found it on level 5 of the Dungeon)

   Dex+4:     It affects your dexterity (+4).
Missiles
 C - 2 throwing nets
Armour
 a - a +0 robe
 e - a +0 leather armour
 i - a +1 cloak (melded)
 m - a +0 pair of boots
 q - an orb of mayhem (worn)
 E - +0 steam dragon scales (melded)
Magical Staves
 h - a staff of conjuration
Jewellery
 d - a +5 ring of evasion (left branch)
 z - a ring of willpower (right branch)
Wands
 j - a wand of charming (4)
 p - a wand of polymorph (10)
 w - a wand of iceblast (8)
 x - a wand of digging (6)
Scrolls
 b - a scroll of acquirement {unknown}
 c - a scroll of teleportation
 f - a scroll of enchant armour
 k - 3 scrolls of poison
 l - 7 scrolls of identify {unknown}
 n - a scroll of torment {unknown}
 o - 2 scrolls of brand weapon {unknown}
 r - a scroll of blinking {unknown}
 s - 3 scrolls of amnesia {unknown}
 t - 3 scrolls of vulnerability {unknown}
 u - 2 scrolls of noise {unknown}
 v - a scroll of summoning {unknown}
 y - 3 scrolls of fog {unknown}
 B - a scroll of revelation {unknown}
Potions
 g - 3 potions of enlightenment


   Skills:
 + Level 2.4 Fighting
 + Level 5.4 Long Blades
 + Level 3.0 Armour
 + Level 4.5 Dodging
 + Level 4.6 Stealth
 + Level 0.5 Unarmed Combat
 + Level 10.1 Spellcasting
 + Level 8.1 Conjurations
 + Level 0.4 Necromancy
 + Level 0.4 Translocations
 + Level 13.6 Air Magic
 + Level 0.2 Evocations


You had 8 spell levels left.
You knew the following spells:

 Your Spells              Type           Power      Damage    Failure   Level
a - Shock                 Conj/Air       100%       1d9       1%          1
b - Static Discharge      Conj/Air       100%       3-8/arc   1%          2
c - Momentum Strike       Conj/Tloc      54%        3d9       1%          2
d - Airstrike             Air            29%        2d(5-21)  1%          4
e - Vampiric Draining     Necr           11%        2d6       17%         3
f - Summon Lightning Spi  Summ/Air       37%        N/A       4%          4
g - Conjure Ball Lightni  Conj/Air       26%        3x3d7     12%         6

Your spell library contained the following spells:

 Spells                   Type           Power      Damage    Failure   Level
 Magic Dart               Conj           100%       1d8       1%          1
 Sting                    Conj/Alch      100%       1d9       1%          1
 Swiftness                Air            59%        N/A       1%          3
 Apportation              Tloc           22%        N/A       6%          1
 Necrotise                Necr           44%        1d6       6%          1
 Slow                     Hex            40%        N/A       7%          1
 Summon Small Mammal      Summ           40%        N/A       7%          1
 Iskenderun's Battlesphe  Conj           42%        2d9       7%          5
 Blink                    Tloc           22%        N/A       9%          2
 Lesser Beckoning         Tloc           22%        N/A       9%          2
 Call Imp                 Summ           20%        N/A       11%         2
 Brom's Barrelling Bould  Conj/Erth      26%        2d5       13%         4
 Flame Wave               Conj/Fire      26%        2d8       13%         4
 Confusing Touch          Hex            10%        N/A       21%         3
 Inner Flame              Hex/Fire       10%        N/A       21%         3
 Sigil of Binding         Hex            10%        N/A       21%         3
 Fireball                 Conj/Fire      13%        3d7       34%         5
 Manifold Assault         Tloc           11%        N/A       50%         4
 Animate Armour           Summ/Erth      20%        N/A       56%         4
 Ignite Poison            Fire/Alch      10%        N/A       56%         4
 Sticky Flame             Fire/Alch      10%        2d5       56%         4
 Lee's Rapid Deconstruct  Erth           5%         3d6*      88%         5
 Orb of Destruction       Conj           21%        9d8       90%         7
 Dispersal                Tloc           5%         N/A       100%        6
 Disjunction              Tloc           5%         N/A       100%        8
 Ignition                 Fire           5%         3d4       100%        8


Dungeon Overview and Level Annotations

Branches:
Dungeon (10/15)            Temple (0/1) D:6            Lair (0/5) D:9
    Orc (0/2) D:9

Altars:
Hepliaklqana
Nemelex Xobeh
Trog
Uskayaw
Zin

Shops:
D:5 [

Annotations:
D:10 exclusion: ice statue, Erica


Innate Abilities, Weirdness & Mutations

You are a tree.
Your roots penetrate the ground, keeping you stationary.
You cannot be teleported.
You are immune to unholy pain and torment.
Your maximum health is greatly increased.
Your equipment is partially melded.
((You have a beak for a mouth.))
((You have claws for feet.))
Your magical flight helps you evade attacks. (EV +4)
You can magically evade attacks while moving or waiting.


Message History

Your ball lightning explodes!
The blast of lightning engulfs your lightning spire.
Your lightning spire completely resists.
The blast of lightning engulfs Erica!
Erica is moderately wounded.
The blast of lightning engulfs your ball lightning.
Your ball lightning completely resists.
The blast of lightning engulfs your ball lightning.
Your ball lightning completely resists.
The blast of lightning engulfs you!!
You hear two shouts!
Your ball lightning explodes!
The blast of lightning engulfs your lightning spire.
Your lightning spire completely resists.
The blast of lightning engulfs Erica.
Erica is moderately wounded.
The blast of lightning engulfs your ball lightning.
Your ball lightning completely resists.
Erica stares at you and mumbles some strange words.
The bolt of poison hits your ball lightning.
Your ball lightning completely resists.
The bolt of poison hits you!
You are poisoned.
* * * LOW HITPOINT WARNING * * *
Your lightning spire shoots out a bolt of lightning at Erica!
The bolt of electricity hits Erica!
Your ball lightning explodes!
The blast of lightning engulfs your lightning spire.
Your lightning spire completely resists.
The blast of lightning engulfs Erica!!
Erica is almost dead.
The blast of lightning engulfs you!
* * * LOW HITPOINT WARNING * * *
Casting: Conjure Ball Lightning (quite dangerous; 12% risk of failure)
Confirm with . or Enter, or press ? or * to list all spells.
You don't know that spell.
You turn into a tree.
Your +1 cloak melds into your body.
Your +0 steam dragon scales melds into your body.
Your roots penetrate the ground.
You die...

≈≈....%.### ##.#.#
8≈.§......##########.#.#
≈≈......#.##......##.#.###
≈≈.....⌠#.##.####.##.#.#..
#########x##.####.#..#.#.#
#..8..........#.#.#
#...............#.#
#§............#....
#.♣)..........#....
#...[.........#....
..##.............#....
............#####.#....
.......................
...######.#####........
### #.#########.)..
#.##..........#
#.[.[...#.....#


You could see Erica (ally target) and a friendly lightning spire (summoned).

Vanquished Creatures
  The ghost of monsoonserge the Magician, a novice DjFE of Gozag (D:5)
  Jeremiah (D:8)
  A kobold demonologist (D:9)
  A hornet (D:9)
  2 wyverns (D:9)
  A basilisk (D:9)
  25 yaks
  3 steam dragons
  5 water moccasins
  An acid dragon (D:10)
  2 orc warriors (D:10)
  An ice beast (D:6)
  A sky beast (D:8)
  A black bear (D:6)
  An ogre (D:4)
  3 centaurs
  A phantom (D:4)
  5 kobold brigands
  4 bullfrogs
  A gnoll sergeant (D:10)
  5 wights (D:6)
  The ghost of occam the Trooper, a weakling DsFi (D:3)
  5 howler monkeys
  2 electric eels (D:8)
  A centaur zombie (D:3)
  A jelly (D:5)
  A gnoll bouda (D:8)
  A centaur skeleton (D:3)
  3 hounds
  2 bombardier beetles
  7 orc priests
  3 iguanas
  A sleepcap (D:6)
  Ijyb (D:3)
  5 orc wizards (D:9)
  11 gnolls
  6 adders
  A white imp (D:6)
  4 ufetubi
  2 dart slugs (D:4)
  53 orcs
  6 endoplasms
  2 giant cockroaches
  9 goblins
  6 hobgoblins
  4 jackals (D:1)
  26 kobolds
  2 quokkas (D:1)
  10 ball pythons
  5 bats
  2 frilled lizards
  3 rats (D:1)
252 creatures vanquished.

Vanquished Creatures (collateral kills)
  8 yaks
  An ogre (D:6)
  A kobold brigand (D:9)
  A water moccasin zombie (D:3)
  A bullfrog zombie (D:3)
  A bullfrog skeleton (D:3)
  An orc wizard (D:10)
  3 gnolls
  2 adders (D:4)
  A dart slug (D:4)
  6 orcs
  A hobgoblin (D:4)
  A ball python (D:4)
  3 kobolds
  A ball lightning (D:10)
32 creatures vanquished.

Vanquished Creatures (others)
  A yak (D:9)
  A kobold brigand (D:9)
  An orc (D:9)
  4 ball lightnings (D:10)
7 creatures vanquished.

Grand Total: 291 creatures vanquished

Notes
Turn   | Place    | Note
-------+----------+-------------------------------------------
     0 | D:1      | PriceMaster the Tengu Air Elementalist began the quest for
                  | the Orb.
     0 | D:1      | Reached XP level 1. HP: 10/10 MP: 4/4
   189 | D:1      | Reached XP level 2. HP: 15/15 MP: 3/6
   261 | D:1      | Learned a level 2 spell: Static Discharge
   787 | D:1      | Reached XP level 3. HP: 19/19 MP: 3/7
   790 | D:1      | Learned a level 2 spell: Momentum Strike
  1004 | D:1      | Reached skill level 5 in Air Magic
  2564 | D:3      | Found a runed translucent gate.
  2565 | D:3      | Found a runed translucent gate.
  2565 | D:3      | Found a runed translucent gate.
  2570 | D:3      | Noticed occam's ghost (weakling DsFi)
  2634 | D:3      | Found a faded altar of an unknown god.
  2729 | D:3      | Noticed Ijyb
  2743 | D:3      | Killed Ijyb
  2744 | D:3      | Reached XP level 4. HP: 24/24 MP: 0/8
  3736 | D:3      | Reached XP level 5. HP: 24/28 MP: 0/9
  3739 | D:3      | Reached skill level 1 in Armour
  3740 | D:3      | Reached XP level 6. HP: 31/33 MP: 0/11
  3745 | D:3      | Killed occam's ghost
  4203 | D:4      | Reached skill level 6 in Air Magic
  4203 | D:4      | Gained mutation: Your magical flight helps you evade
                  | attacks. (EV +4) [Tengu growth]
  4203 | D:4      | Reached XP level 7. HP: 33/37 MP: 1/12
  5138 | D:5      | Entered Level 5 of the Dungeon
  5138 | D:5      | Found Jetidadi's Armour Emporium.
  5625 | D:5      | Learned a level 4 spell: Airstrike
  5813 | D:5      | Reached skill level 5 in Conjurations
  5860 | D:5      | Reached XP level 8. HP: 42/42 MP: 6/16
  6196 | D:5      | Identified the +4 long sword of Vanity {flame, Dex+4}
  6563 | D:5      | Found a runed translucent door.
  6572 | D:5      | Noticed monsoonserge's ghost (novice DjFE)
  6588 | D:5      | Killed monsoonserge's ghost
  6589 | D:5      | Reached skill level 1 in Fighting
  6589 | D:5      | Reached skill level 5 in Spellcasting
  6589 | D:5      | Reached skill level 7 in Air Magic
  6733 | D:6      | Reached skill level 8 in Air Magic
  6746 | D:6      | Reached XP level 9. HP: 37/47 MP: 0/19
  6854 | D:6      | Reached skill level 1 in Long Blades
  6854 | D:6      | Reached skill level 9 in Air Magic
  7279 | D:6      | Learned a level 3 spell: Vampiric Draining
  7639 | D:6      | Found a staircase to the Ecumenical Temple.
  8085 | D:7      | Reached skill level 10 in Air Magic
  9118 | D:8      | Noticed Jeremiah
  9123 | D:8      | Killed Jeremiah
  9124 | D:8      | Reached XP level 10. HP: 52/52 MP: 1/22
  9525 | D:8      | Reached skill level 11 in Air Magic
  9985 | D:8      | Found a sparkling altar of Nemelex Xobeh.
 10516 | D:8      | Found a hide-covered altar of Uskayaw.
 10518 | D:8      | Found a bloodstained altar of Trog.
 10731 | D:9      | Found a staircase to the Orcish Mines.
 10994 | D:9      | Noticed a kobold demonologist
 10998 | D:9      | Killed a kobold demonologist
 11285 | D:9      | Reached skill level 12 in Air Magic
 11794 | D:9      | Reached XP level 11. HP: 54/56 MP: 2/25
 11902 | D:9      | Reached skill level 5 in Long Blades
 12240 | D:9      | Found a staircase to the Lair.
 12375 | D:9      | Noticed an angel
 12376 | D:9      | Found a glowing silver altar of Zin.
 12504 | D:9      | Reached skill level 13 in Air Magic
 12571 | D:10     | Entered Level 10 of the Dungeon
 13805 | D:10     | Learned a level 4 spell: Summon Lightning Spire
 13828 | D:10     | Found a hazy altar of Hepliaklqana.
 14049 | D:10     | Reached skill level 10 in Spellcasting
 14157 | D:10     | Learned a level 6 spell: Conjure Ball Lightning
 14588 | D:10     | Noticed Erica
 14594 | D:10     | HP: 2/58 [spore (13)]
 14595 | D:10     | Succumbed to Erica's bolt of poison

Illustrated notes

Levels and vault maps discovered:
D:1:      minmay_arrival_pointy, layout_basic, kennysheep_pointless_box
D:2:      layout_loops_ring, kennysheep_generic_room_5
D:3:      minmay_general_purpose_star, layout_loops_corners,
          gammafunk_ghost_necromancy, shapermc_ecumenical_altar_mp_highgroup,
          uniq_ijyb
D:4:      minmay_opposing_rooms, layout_cave_pods, grunt_ministairs_4
D:5:      layout_loops_corners, ebering_ghost_reflecting_pool,
          nicolae_stop_n_shop_1, hangedman_decor_diamond_cutter
D:6:      layout_rooms, minmay_temple_entry_antechambers
D:7:      layout_basic
D:8:      layout_loops_ring, nicolae_overflow_squiral,
          nemelex_spade_bored_becter, uniq_jeremiah
D:9:      layout_gridville, zin_angel, minmay_lair_entry_grove,
          hiddenorc2_lemuel, reono_crystal_passage
D:10:     lemuel_ice_statue, layout_basic, nzn_hepliaklqana_mist_gate,
          uniq_erica

Skill      XL: |  1  2  3  4  5  6  7  8  9 10 11 |
---------------+----------------------------------+-----
Air Magic      | 5 6 8 10 12 13 | 13.6
Conjurations   | 2 3 5 6 7 8 |  8.1
Stealth        | 3 4 |  4.6
Armour         | 1 2 3 |  3.0
Spellcasting   | 3 4 6 7 9 10 | 10.1
Dodging        | 3 4 |  4.5
Fighting       | 1 2 |  2.4
Long Blades    | 3 4 5 |  5.4
Unarmed Combat | |  0.5
Necromancy     | |  0.4
Translocations | |  0.4
Evocations     | |  0.2

Action                     |  1- 3 |  4- 6 |  7- 9 | 10-12 || total
---------------------------+-------+-------+-------+-------++-------
  Melee: Unarmed           |    31 |    12 |       |       ||    43
         Kick              |     8 |     4 |    12 |    19 ||    43
         Peck              |     7 |     2 |     5 |     9 ||    23
         Punch             |     1 |       |       |       ||     1
         Long sword        |       |       |    32 |    67 ||    99
         Staff             |       |       |     5 |       ||     5
   Cast: Shock             |    79 |    30 |   120 |    77 ||   306
         Momentum Strike   |     8 |     1 |     5 |     9 ||    23
         Static Discharge  |     3 |     6 |    12 |    42 ||    63
         Airstrike         |       |       |    48 |    57 ||   105
         Vampiric Draining |       |       |     1 |     3 ||     4
         Summon Lightning  |       |       |       |     5 ||     5
         Conjure Ball Ligh |       |       |       |     4 ||     4
  Evoke: Wand              |       |       |       |     6 ||     6
    Use: Potion            |     2 |     5 |     7 |     7 ||    21
         Scroll            |       |       |       |     7 ||     7
   Stab: Distracted        |       |     2 |       |       ||     2
         Invisible         |       |       |     1 |       ||     1
 Armour: Skin              |    13 |     1 |       |    21 ||    35
         Leather armour    |     6 |    17 |    45 |    26 ||    94
         Robe              |     3 |       |       |       ||     3
         Steam dragon scal |       |       |       |    58 ||    58
  Dodge: Dodged            |    35 |    29 |    73 |    99 ||   236
